AoeStats
← Papi-etoilette

Highland

504807755Analyzed
2v2 RM · 24d ago on Sep 6, 2026· 40m 50s· 4 players
Game mode
Random Map
Map size
Medium (4 player)
Population
200
Speed
Normal
Resources
Standard
Victory
Conquest
Starting age
Dark Age
Ending age
Imperial Age
RankedLock teamsTeams togetherTeam positionsShared explorationLock speedFull tech treeHidden civsTurbo modeCheats
Victory
Defeat
🇫🇷 Khmer · France
1130
+16
🇫🇷 Franks · France
1117
+16
🇺🇸 Sicilians · United States
1131
-16
🇺🇸 Mapuche · United States
1131
-16
Papi-etoilette
10:57 Feudal Age
10:07 Loom
16:33 Double-Bit Axe
20:31 Castle Age
21:24 Scale Barding Armor
24:01 Wheelbarrow
24:56 Forging
25:17 Husbandry
31:16 Chain Barding Armor
34:19 Iron Casting
36:31 Imperial Age
34:22 Hand Cart
33:55 Town Watch
37:55 Plate Barding Armor
38:20 Blast Furnace
37:07 Cavalier
39:31 Paladin
Tavern
5:44 Loom
6:29 Loom
9:36 Feudal Age
10:51 Double-Bit Axe
17:15 Scale Barding Armor
17:47 Forging
17:57 Horse Collar
21:35 Castle Age
21:12 Bloodlines
25:06 Chain Barding Armor
26:18 Iron Casting
26:06 Husbandry
27:42 Wheelbarrow
27:20 Bow Saw
27:19 Heavy Plow
29:01 Gold Mining
35:53 Hand Cart
35:29 Town Watch
37:58 Gold Shaft Mining
37:15 Stone Mining
43:51 Imperial Age
Gorriya
3:35 Loom
5:20 Loom
11:41 Feudal Age
16:00 Castle Age
14:46 Double-Bit Axe
15:12 Fletching
15:34 Horse Collar
17:46 Wheelbarrow
22:05 Ballistics
22:42 Bodkin Arrow
23:26 Town Watch
26:18 Padded Archer Armor
26:46 Gold Mining
33:12 Imperial Age
31:40 Leather Archer Armor
33:19 Elite Bolas Rider
35:44 Ring Archer Armor
36:55 Conscription
38:37 Chemistry
Mandatum?
3:26 Loom
5:54 Loom
8:06 Loom
10:44 Feudal Age
12:51 Double-Bit Axe
16:15 Stone Mining
20:57 Gold Mining
Connection lost

Rejoining the realm…

Still unreachable

The connection could not be restored.

Session expired

The server has moved on; the page needs a fresh start.